 Dungeon Crawl Stone Soup version 0.17-a0-1447-g3d113ad (webtiles) character file.

2793 Fluffy the Ruffian (level 9, -7/89 HPs)
             Began as a Troll Monk on June 29, 2015.
             Was a High Priest of Lugonu.
             Killed from afar by Erica (34 damage)
             ... with a bolt of poison
             ... on level 8 of the Dungeon.
             The game lasted 00:17:39 (5506 turns).

Fluffy the Ruffian (Troll Monk)                     Turns: 5506, Time: 00:17:39

Health: -7/89      AC:  8    Str: 24    XL:     9   Next: 43%
Magic:  12/12      EV: 12    Int:  6    God:    Lugonu [*****.]
Gold:   478        SH:  0    Dex: 12    Spells: 0 memorised, 8 levels left

rFire  . . .     SeeInvis .       - Unarmed
rCold  . . .     Clarity  .     r - +2 robe {MR+}
rNeg   . . .     SustAt   .     (no shield)
rPois  .         Gourm    +     (helmet restricted)
rElec  .         Spirit   .     o - +0 cloak
rCorr  .         Warding  .     (gloves unavailable)
rMut   .         Stasis   .     (boots unavailable)
MR     +....                    (no amulet)
Stlth  +.........               k - ring of wizardry
                                i - ring of wizardry

@: lethally poisoned (-7 -> -9), somewhat resistant to hostile enchantments,
very unstealthy
A: unfitting armour, claws 3, fast metabolism 3, gourmand, regeneration 2,
shaggy fur 1, tough skin 2
a: Depart the Abyss, Bend Space, Banish, Corrupt, Enter the Abyss, Renounce
Religion


You were on level 8 of the Dungeon.
You worshipped Lugonu.
Lugonu was extremely pleased with you.
You were full.

You visited 2 branches of the dungeon, and saw 9 of its levels.

You collected 478 gold pieces.

Inventory:

Armour
 o - a +0 cloak (worn)
 r - a +2 robe of magic resistance (worn)
Jewellery
 h - an uncursed ring of flight
 i - a ring of wizardry (left claw)
 k - a ring of wizardry (right claw)
Scrolls
 l - 2 scrolls of enchant armour
 n - 2 scrolls of teleportation
 q - a scroll of fog
 w - 2 scrolls of fear
Potions
 a - a potion of berserk rage
 d - 5 potions of agility
 e - 6 potions of curing
 g - 2 potions of cancellation
 j - 2 potions of might
 p - a potion of haste {unknown}
 s - 2 potions of flight {unknown}
 u - 2 potions of invisibility
 v - a potion of heal wounds {unknown}
Books
 t - a book of Maledictions

   Spells                             Type                      Level
   a - Corona                         Hexes                        1
   b - Ensorcelled Hibernation        Hexes/Ice                    2
   c - Confuse                        Hexes                        3
   d - Tukima's Dance                 Hexes                        3
   e - Dazzling Spray                 Conjuration/Hexes            3
Comestibles
 b - 5 bread rations
 f - 2 meat rations
 m - 2 beef jerkies


   Skills:
 + Level 5.9 Fighting
 + Level 6.0 Dodging
 - Level 1.1 Stealth
 + Level 7.7 Unarmed Combat
 + Level 5.6 Invocations


You had 8 spell levels left.
You didn't know any spells.

Dungeon Overview and Level Annotations

Branches:
Dungeon (8/15)             Temple (1/1) D:7
   Lair: D:8-11

Altars:
Ashenzari
Cheibriados
Elyvilon
Fedhas
Kikubaaqudgha
Makhleb
Nemelex Xobeh
Okawaru
Ru
Sif Muna
Vehumet
Yredelemnul
Zin
Lugonu

Shops:
D:6 }!!

Annotations:
D:8 Erica


Innate Abilities, Weirdness & Mutations

You are too large for most types of armour.
You have claws for hands.
Your metabolism is lightning-fast.
You like to eat raw meat.
You heal very quickly.
You are covered in fur (AC +1).
You have very tough skin (AC +2).


Message History

Erica completely misses you.
You mangle Erica!!
Erica is heavily wounded.
Erica hits you with a scimitar of flaming!
* * * LOW HITPOINT WARNING * * *
Erica burns you.
* * * LOW HITPOINT WARNING * * *
You scratch Erica.
Erica is heavily wounded.
You claw Erica!
Erica is severely wounded.
Erica mumbles some strange words.
Erica flickers and vanishes!
Deactivating autopickup; reactivate with Ctrl-A.
You miss something. Your claw misses something.
You hear some strange, mumbled words.
A bolt of poison appears from out of thin air!
The bolt of poison hits you!
You are poisoned.
You die...

.⌠..........##
... ####.#'##
#F# ###.# #.#
#.# #.#
##.#####.##
#.#
#.......).#
##.##
##....###..#
#...## #....##
##.#.####@#.##
#......{.###
##########


There were no monsters in sight!

Vanquished Creatures
  Pikel (D:4)
  An ugly thing (D:6)
  Prince Ribbit (D:5)
  Sigmund (D:5)
  2 orc warriors (D:6)
  Duvessa (D:4)
  A sky beast (D:6)
  An ogre (D:7)
  2 big kobolds (D:7)
  A giant frog (D:6)
  A wyvern zombie (D:6)
  Dowan (D:4)
  A crimson imp (D:6)
  2 centaur zombies
  A hound (D:6)
  4 orc priests
  3 orc wizards
  6 worker ants
  Ijyb (D:2)
  A jelly (D:6)
  A worker ant zombie (D:7)
  Robin (D:2)
  10 adders
  3 gnolls (D:6)
  A shadow imp (D:5)
  An adder zombie (D:6)
  An ooze (D:2)
  3 worms (D:2)
  7 giant geckos
  10 orcs
  2 bat skeletons
  A bat zombie (D:5)
  A giant cockroach (D:1)
  16 goblins
  8 hobgoblins
  14 kobolds
  A ball python zombie (D:5)
  6 bats
  A giant gecko skeleton (D:4)
  2 giant newts
  A quokka skeleton (D:4)
  13 rats
137 creatures vanquished.

Vanquished Creatures (others)
  A bat skeleton (D:7)
1 creature vanquished.

Grand Total: 138 creatures vanquished

Notes
Turn   | Place    | Note
--------------------------------------------------------------
     0 | D:1      | Fluffy the Troll Monk began the quest for the Orb.
     0 | D:1      | Reached XP level 1. HP: 22/22 MP: 0/0
   372 | D:1      | Reached XP level 2. HP: 29/29 MP: 1/1
   663 | D:2      | Noticed Robin
   674 | D:2      | Reached XP level 3. HP: 36/36 MP: 2/2
   915 | D:2      | Noticed Ijyb
   926 | D:2      | Killed Ijyb
   926 | D:2      | Reached XP level 4. HP: 45/45 MP: 3/3
  1086 | D:2      | Found a faded altar to an unknown god.
  1097 | D:2      | Killed Robin
  1147 | D:2      | Became a worshipper of Lugonu the Unformed
  1147 | D:2      | Acquired Lugonu's first power
  1147 | D:2      | Acquired Lugonu's second power
  1147 | D:2      | Acquired Lugonu's third power
  1809 | D:3      | Found a snail-covered altar of Cheibriados.
  1878 | D:4      | Reached XP level 5. HP: 36/53 MP: 4/4
  1885 | D:4      | Acquired Lugonu's fourth power
  1885 | D:4      | Reached skill level 5 in Unarmed Combat
  1940 | D:4      | Noticed a slave
  1941 | D:4      | Noticed a slave
  1955 | D:4      | Noticed a slave
  2004 | D:4      | Noticed Pikel
  2006 | D:4      | Noticed a slave
  2021 | D:4      | Killed Pikel
  2021 | D:4      | Reached XP level 6. HP: 60/62 MP: 4/7
  2021 | D:4      | Reached XP level 7. HP: 67/70 MP: 4/8
  2054 | D:4      | Found a burning altar of Makhleb.
  2055 | D:4      | Found a sacrificial altar of Ru.
  2103 | D:4      | Noticed Duvessa
  2105 | D:4      | Noticed Dowan
  2109 | D:4      | Killed Duvessa
  2116 | D:4      | Killed Dowan
  2116 | D:4      | Reached skill level 6 in Unarmed Combat
  2598 | D:5      | Entered Level 5 of the Dungeon
  2659 | D:5      | Noticed Sigmund
  2689 | D:5      | Killed Sigmund
  2689 | D:5      | Reached XP level 8. HP: 73/79 MP: 9/9
  2938 | D:5      | Noticed Prince Ribbit
  3155 | D:5      | Found a radiant altar of Vehumet.
  3444 | D:5      | Killed Prince Ribbit
  3444 | D:5      | Reached skill level 5 in Fighting
  3444 | D:5      | Reached skill level 5 in Dodging
  4250 | D:6      | Noticed a purple ugly thing
  4293 | D:6      | Killed a purple ugly thing
  4293 | D:6      | Reached skill level 7 in Unarmed Combat
  4293 | D:6      | Reached XP level 9. HP: 74/88 MP: 11/11
  4400 | D:6      | Found Hoquen's Distillery.
  4424 | D:6      | Found Xusab's Distillery.
  4473 | D:6      | Found a sparkling altar of Nemelex Xobeh.
  4584 | D:6      | Reached skill level 5 in Invocations
  4698 | D:6      | Found Vonac's Gadget Emporium.
  4963 | D:7      | Found a staircase to the Ecumenical Temple.
  5038 | D:7      | Found an ancient bone altar of Kikubaaqudgha.
  5216 | D:7      | Acquired Lugonu's fifth power
  5378 | Temple   | Entered the Ecumenical Temple
  5484 | D:8      | Noticed Erica
  5506 | D:8      | Killed from afar by Erica

Vault maps used:
D:1:      dpeg_arrival_rooms_b, minivault_14
D:2:      ecumenical_altar_2, uniq_iyjb, uniq_robin
D:3:      nicolae_overflow_crystal_walls
D:4:      gammafunk_temple_overflow_wave, minmay_misc_feat_pillars,
          uniq_duvessa, uniq_pikel
D:5:      kennysheep_mini, first_bread, nicolae_underground_beach,
          uniq_prince_ribbit1, uniq_sigmund
D:6:      basic_altar, serial_shops, nicolae_shop_behind_doors,
          nicolae_shop_statue_plus, shop, minivault_14
D:7:      kiku_gazebo_garden_becter, lemuel_temple_firewalk_marked,
          minmay_unpleasant_kobolds
D:8:      grunt_temple_overflow_cloverleaf, lemuel_coloured_pillars_altar,
          grunt_pizzeria, eino_jars, uniq_erica
Temple:   corrupted_temple

Action                   |  1- 3 |  4- 6 |  7- 9 || total
-------------------------+-------+-------+-------++-------
Melee: Unarmed           |    70 |    74 |   278 ||   422
  Use: Scroll            |     2 |     7 |    12 ||    21
 Stab: Sleeping          |     1 |     2 |     1 ||     4
  Eat: Chunk             |    12 |    10 |    30 ||    52
